 Dungeon Crawl Stone Soup version 0.31-a0-149-g3fdcc5976a (webtiles) character file.

Game seed: 4047264747178239157

369 jlumianski the Magician (level 7, -3/46 HPs)
             Began as a Djinni Fire Elementalist on June 7, 2023.
             Slain by an orc warrior
             ... wielding a +0 war axe
              (12 damage)
             ... on level 5 of the Dungeon.
             The game lasted 00:14:14 (3487 turns).

jlumianski the Magician (Djinni Fire Elementalist)  Turns: 3487, Time: 00:14:15

Health: -3/46      AC:  2    Str:  9    XL:     7   Next: 1%
Gold:   216        EV: 13    Int: 19    God:
                   SH:  0    Dex: 13

rFire   + + .        j - +0 short sword (elec)
rCold   + . .        (no shield)
rNeg    + + .        a - +0 robe
rPois   ∞            (no helmet)
rElec   .            (no cloak)
rCorr   .            (no gloves)
SInv    +            (boots unavailable)
Will    .....        n - amulet "Loceerch" {RegenMP rN++ Will- Str+2 SInv}
Stlth   ++           g - ring of protection from cold
HPRegen 0.27/turn    t - ring of protection from cold
MPRegen 0.00/turn

%: infuse magic (-4 HP)
@: flying
A: sickness immunity, fire resistance 2, cold vulnerability 1, float, innate
caster, HP casting, extra vitality 1
a: no special abilities


You were on level 5 of the Dungeon.
You visited 1 branch of the dungeon, and saw 6 of its levels.

You collected 216 gold pieces.

Inventory:

Hand Weapons
 d - a +0 dagger
 e - a +5 heavy hand axe
 j - a +0 short sword of electrocution (weapon)
 s - a +0 rapier
 w - a +2 dagger of venom
Missiles
 m - 6 atropa-tipped darts
Armour
 a - a +0 robe (worn)
Jewellery
 g - a ring of protection from cold (left hand)
 n - the amulet "Loceerch" (around neck) {RegenMP rN++ Will- Str+2 SInv}
   (You found it on level 4 of the Dungeon)

   [amulet of magic regeneration]

   It increases your rate of magic regeneration.
   Str:       It affects your strength (+2).
   rN:        It greatly protects you from negative energy.
   SInv:      It lets you see invisible.
   Will:      It decreases your willpower.
 t - a ring of protection from cold (right hand)
Wands
 y - a wand of flame (11)
Scrolls
 c - 2 scrolls of teleportation
 i - 2 scrolls of magic mapping {unknown}
 l - a scroll of immolation
 p - a scroll of poison {unknown}
 q - a scroll of enchant weapon {unknown}
 u - a scroll of noise {unknown}
 v - a scroll of vulnerability {unknown}
Potions
 b - a potion of enlightenment
 f - a potion of attraction
 h - a potion of degeneration
 k - 3 potions of curing
 o - a potion of might
 r - a potion of heal wounds {unknown}
 x - a potion of haste {unknown}


   Skills:
 + Level 0.8 Fighting
 + Level 1.3 Short Blades
 + Level 3.7 Dodging
 + Level 3.4 Stealth
 * Level 4.3 Spellcasting
 * Level 4.3 Conjurations
 * Level 4.3 Hexes
 * Level 4.3 Summonings
 * Level 4.3 Necromancy
 * Level 4.3 Translocations
 * Level 4.3 Transmutations
 * Level 4.3 Fire Magic
 * Level 4.3 Ice Magic
 * Level 4.3 Air Magic
 * Level 4.3 Earth Magic
 * Level 4.3 Poison Magic


You knew the following spells:

 Your Spells              Type           Power      Damage    Failure   Level
a - Foxfire               Conj/Fire      80%        2x1d8     2%          1
b - Scorch                Fire           40%        2d7       3%          2
c - Volatile Blastmotes   Fire/Tloc      40%        2d13      7%          3
d - Inner Flame           Hex/Fire       20%        N/A       7%          3
e - Flame Wave            Conj/Fire      20%        2d7       22%         4
f - Slow                  Hex            80%        N/A       2%          1
g - Lesser Beckoning      Tloc           40%        N/A       3%          2
h - Static Discharge      Conj/Air       40%        2-4/arc   3%          2
Your spell library was empty.

Dungeon Overview and Level Annotations

Branches:
Dungeon (6/15)
 Temple: D:4-7

Altars:


Innate Abilities, Weirdness & Mutations

You are immune to sickness and miasma.
You are immune to poison.
Your flesh is very heat resistant. (rF++)
You are vulnerable to cold. (rC-)
You float through the air rather than walking.
You learn spells naturally, not from books.
Your magical power is your life essence.
You have superior vitality. (+4 MHP)


Message History

An orc warrior comes into view. It is wielding a +0 war axe.
Casting: Scorch (safe; 3% risk of failure)
Confirm with . or Enter, or press ? or * to list all spells.
You conjure some foxfire!
The foxfire hits the orc warrior but does no damage.
The foxfire hits the orc priest.
The orc priest is heavily wounded.
Casting: Foxfire (safe; 2% risk of failure)
Confirm with . or Enter, or press ? or * to list all spells.
You conjure some foxfire!
The orc priest looks encouraged for a moment.
You hit the orc warrior.
The orc warrior is lightly wounded.
The foxfire hits the orc warrior.
The orc warrior is moderately wounded.
The foxfire hits the orc warrior but does no damage.
The orc warrior is moderately wounded.
The orc priest calls down the wrath of Beogh upon you.
Beogh smites you! The orc warrior closely misses you.
You fly upwards.
There is a stone staircase leading down here.
Casting: Foxfire (safe; 2% risk of failure)
Confirm with . or Enter, or press ? or * to list all spells.
Flames lash the orc warrior.
The orc warrior is moderately wounded.
The orc warrior's fire resistance burns away.
The orc warrior hits you with a +0 war axe.
* * * LOW HITPOINT WARNING * * *
Casting: Scorch (safe; 3% risk of failure)
Confirm with . or Enter, or press ? or * to list all spells.
The orc warrior is struck by an arc of lightning.
The orc warrior is heavily wounded.
You are struck by an arc of lightning.
* * * LOW HITPOINT WARNING * * *
The orc warrior is struck by an arc of lightning.
The orc warrior is heavily wounded.
The lightning grounds out.
* * * LOW HITPOINT WARNING * * *
The orc warrior hits you with a +0 war axe!
You die...

#....# #.........#
#.#### #..<..##..#
#.#########>.....#..#
#[..................#
#.####..............#
#.# #.####........##
#.####.####........#
##...............#..#
.....(...o@..[....##..#
#########.###.....##..#
#.###.....##..###
#.#.............#
#.............#.#
###.<.....###.#.#
#........####.#.#
#.......>..##.#.#
#..###...#.##.#.#


You could see an orc warrior (combustible).

Vanquished Creatures
  A black bear (D:4)
  2 jellies (D:4)
  A hound (D:4)
  2 iguanas
  Terence (D:2)
  4 adders
  2 white imps (D:5)
  A worm (D:4)
  2 dart slugs
  An orc (D:6)
  5 endoplasms
  3 giant cockroaches
  6 hobgoblins (D:4)
  4 jackals (D:4)
  5 kobolds
  4 quokkas
  8 ball pythons
  5 bats
  4 goblins
  4 rats
65 creatures vanquished.

Vanquished Creatures (others)
  150 foxfires
150 creatures vanquished.

Grand Total: 215 creatures vanquished

Notes
Turn   | Place    | Note
-------+----------+-------------------------------------------
     0 | D:1      | jlumianski the Djinni Fire Elementalist began the quest for
                  | the Orb.
     0 | D:1      | jlumianski set off with the following spells memorised:
                  | Foxfire, Scorch, Volatile Blastmotes, Inner Flame, Flame
                  | Wave.
     0 | D:1      | Reached XP level 1. HP: 15/15 MP: 0/0
   185 | D:1      | Reached XP level 2. HP: 20/21 MP: 0/0
   661 | D:1      | Reached XP level 3. HP: 16/25 MP: 0/0
   661 | D:1      | Learned a level 1 spell: Slow
  1124 | D:4      | Identified the amulet "Loceerch" {RegenMP rN++ Will- Str+2
                  | SInv}
  1345 | D:2      | Noticed Terence
  1370 | D:2      | Killed Terence
  1371 | D:2      | Reached XP level 4. HP: 31/31 MP: 0/0
  2471 | D:3      | Reached XP level 5. HP: 21/35 MP: 0/0
  2471 | D:3      | Learned a level 2 spell: Lesser Beckoning
  2743 | D:5      | Entered Level 5 of the Dungeon
  2866 | D:4      | Noticed a black bear
  2876 | D:4      | Killed a black bear
  2877 | D:4      | Reached skill level 1 in Short Blades
  2877 | D:4      | Reached XP level 6. HP: 12/41 MP: 0/0
  3219 | D:6      | Noticed an ogre
  3219 | D:6      | Noticed a yak
  3292 | D:5      | Reached XP level 7. HP: 42/46 MP: 0/0
  3292 | D:5      | Learned a level 2 spell: Static Discharge
  3487 | D:5      | Slain by an orc warrior

Illustrated notes

Levels and vault maps discovered:
D:1:      lightli_arrival_statuegarden, layout_loops_ring
D:2:      layout_basic, amethyst_killhole, uniq_terence
D:3:      layout_loops_ring
D:4:      layout_basic, minmay_quantized
D:5:      layout_loops_ring, minivault_26
D:6:      minmay_diamond_boxcup, layout_cave_pools,
          minmay_temple_entry_statues_pillars, bh_walls_and_bars

Skill      XL: |  1  2  3  4  5 |
---------------+----------------+-----
Spellcasting   | 4 |  4.3
Conjurations   | 4 |  4.3
Hexes          | 4 |  4.3
Summonings     | 4 |  4.3
Necromancy     | 4 |  4.3
Translocations | 4 |  4.3
Transmutations | 4 |  4.3
Fire Magic     | 4 |  4.3
Ice Magic      | 4 |  4.3
Air Magic      | 4 |  4.3
Earth Magic    | 4 |  4.3
Poison Magic   | 4 |  4.3
Stealth        | 2 3 |  3.4
Dodging        | 3 |  3.7
Short Blades   | 1 |  1.3
Fighting       | |  0.8

Action                     |  1- 3 |  4- 6 |  7- 9 || total
---------------------------+-------+-------+-------++-------
  Melee: Dagger            |     3 |       |       ||     3
         Unarmed           |     1 |       |       ||     1
         Short sword       |    13 |    32 |     6 ||    51
   Cast: Foxfire           |    36 |    45 |     3 ||    84
         Volatile Blastmot |     1 |       |       ||     1
         Scorch            |       |     9 |     2 ||    11
         Slow              |       |     1 |       ||     1
         Lesser Beckoning  |       |     1 |       ||     1
         Static Discharge  |       |       |     1 ||     1
    Use: Scroll            |       |     5 |       ||     5
         Potion            |       |     2 |       ||     2
   Stab: Sleeping          |     2 |     2 |       ||     4
 Armour: Robe              |     2 |     8 |       ||    10
  Dodge: Dodged            |    11 |    42 |     6 ||    59

Table legend: (Time is in decaauts)
 A = Elapsed time spent in this place.
 B = Non-inter-level travel time spent in this place.
 C = Inter-level travel time spent in this place.
 D = Time resting spent in this place.
 E = Time spent auto-exploring this place.
 F = Levels seen in this place.
 G = Mean time per level.
                   A        B        C        D        E       F      G
               +--------+--------+--------+--------+--------+-----+--------+
         Total |   3491 |   3330 |    161 |    134 |   2401 |   6 |  581.8 |
       Dungeon |   3491 |   3330 |    161 |    134 |   2401 |   6 |  581.8 |
               +--------+--------+--------+--------+--------+-----+--------+

Top non-repeatable levels by time:
     D:2: 954 daAuts
     D:1: 902 daAuts
     D:4: 762 daAuts
     D:3: 629 daAuts
     D:5: 230 daAuts
     D:6: 11 daAuts
